 Dungeon Crawl Stone Soup version 0.30-a0-358-g0d69a1922f (webtiles) character file.

Game seed: 16481994534540129800

48511 Muataran the Brawler (level 14, -9/140 HPs)
             Began as a Troll Monk on Nov 8, 2022.
             Was the Champion of Qazlal.
             Mangled by a ten-headed hydra (10 damage)
             ... on level 4 of the Lair of Beasts.
             The game lasted 00:26:37 (11782 turns).

Muataran the Brawler (Troll Monk)                  Turns: 11782, Time: 00:26:38

Health: -9/140     AC: 13    Str: 22    XL:     14   Next: 12%
Magic:  20/20      EV: 13    Int: 10    God:    Qazlal [******]
Gold:   1007       SH: 13    Dex: 12    Spells: 13/13 levels left

rFire   . . .      SeeInvis +      - Unarmed
rCold   . . .      Faith    .    (no shield)
rNeg    . . .      Spirit   .    F - +1 troll leather armour
rPois   .          Reflect  +    (helmet restricted)
rElec   .          Harm     .    I - +2 cloak
rCorr   .          Rampage  .    (gloves unavailable)
Will    +++..                    (boots unavailable)
Stlth   +.........               h - amulet of Jies {Reflect SH+5 SInv}
HPRegen 2.03/turn                d - ring of willpower
MPRegen 0.17/turn                a - ring of willpower

@: about to teleport, protected from physical damage, repel missiles
A: large, unfitting armour, claws 3, regeneration 1, shaggy fur 1, tough skin 1
a: Renounce Religion, Upheaval, Elemental Force, Disaster Area


You were on level 4 of the Lair of Beasts.
You worshipped Qazlal.
Qazlal was exalted by your worship.
You visited 2 branches of the dungeon, and saw 17 of its levels.
You also visited: Gauntlet and Volcano.

You collected 1238 gold pieces.
You spent 231 gold pieces at shops.

Inventory:

Missiles
 E - a throwing net
 L - 11 large rocks (quivered)
Armour
 F - a +1 troll leather armour (worn)
 I - a +2 cloak (worn)
 P - +0 steam dragon scales
Jewellery
 a - a ring of willpower (right claw)
 d - a ring of willpower (left claw)
 e - an amulet of regeneration
 h - the amulet of Jies (around neck) {Reflect SH+5 SInv}
   (You found it on level 2 of the Dungeon)

   [amulet of reflection]

   It reflects blocked missile attacks.
   SInv:      It lets you see invisible.
   SH:        It affects your SH (+5).
 m - an amulet of magic regeneration
 w - an amulet of faith
 A - a ring of protection from cold
 O - a +4 ring of protection
Wands
 l - a wand of roots (12)
 z - a wand of mindburst (43)
 M - a wand of flame (22)
Scrolls
 c - 9 scrolls of teleportation
 i - 2 scrolls of enchant armour
 j - 3 scrolls of vulnerability
 r - 5 scrolls of fear
 t - a scroll of enchant weapon {unknown}
 u - 2 scrolls of fog {unknown}
 x - 3 scrolls of blinking
 y - 2 scrolls of silence
 B - a scroll of amnesia {unknown}
 C - 2 scrolls of torment {unknown}
 D - 4 scrolls of identify
 H - a scroll of poison {unknown}
 N - 2 scrolls of immolation {unknown}
Potions
 b - a potion of ambrosia
 f - 5 potions of magic
 g - 6 potions of mutation
 k - 2 potions of might
 n - 9 potions of curing
 o - 4 potions of flight
 p - 2 potions of resistance
 q - 4 potions of heal wounds
 s - 5 potions of attraction
 v - a potion of lignification
 G - 2 potions of berserk rage
 J - a potion of brilliance
 K - 2 potions of invisibility
 Q - a potion of haste {unknown}
Miscellaneous
 R - a condenser vane


   Skills:
 + Level 9.5 Fighting
 + Level 7.1 Throwing
 + Level 9.5 Dodging
 - Level 1.0 Stealth
 * Level 15.4 Unarmed Combat
 + Level 9.4 Invocations


You had 13 spell levels left.
You didn't know any spells.
Your spell library contained the following spells:

 Spells                   Type           Power      Damage    Failure   Level
 Cigotuvi's Dreadful Rot  Necr/Pois/Air  0%         N/A       54%         2
 Ensorcelled Hibernation  Hex/Ice        0%         N/A       54%         2
 Poisonous Vapours        Pois/Air       0%         N/A       54%         2
 Hailstorm                Conj/Ice       0%         3d3       78%         3
 Mephitic Cloud           Conj/Pois/Air  0%         N/A       78%         3
 Ozocubu's Armour         Ice            0%         N/A       78%         3
 Spider Form              Tmut/Pois      0%         N/A       78%         3
 Tukima's Dance           Hex            0%         N/A       78%         3
 Anguish                  Hex/Necr       0%         N/A       99%         4
 Animate Armour           Summ/Erth      0%         N/A       99%         4
 Ice Form                 Ice/Tmut       0%         N/A       99%         4
 Passage of Golubria      Tloc           0%         N/A       99%         4
 Alistair's Intoxication  Tmut/Pois      0%         N/A       100%        5
 Blade Hands              Tmut           0%         N/A       100%        5
 Borgnjor's Vile Clutch   Necr/Erth      0%         N/A       100%        5
 Yara's Violent Unravell  Hex/Tmut       0%         3d3       100%        5
 Conjure Ball Lightning   Conj/Air       0%         3x3d6     100%        6
 Eringya's Noxious Bog    Tmut/Pois      0%         N/A       100%        6
 Iron Shot                Conj/Erth      0%         9d1       100%        6
 Simulacrum               Ice/Necr       0%         N/A       100%        6
 Ozocubu's Refrigeration  Ice            0%         4d7       100%        7
 Discord                  Hex            0%         N/A       100%        8
 Disjunction              Tloc           0%         N/A       100%        8


Dungeon Overview and Level Annotations

Branches:
Dungeon (13/15)            Temple (0/1) D:6            Lair (4/5) D:10
 Shoals (0/4) Lair:3        Snake (0/4) Lair:2          Orc (0/2) D:12
Volcano (visited)         Gauntlet (visited)
  Slime: Lair:4-5    Vaults: D:13-14

Altars:
Ashenzari
Dithmenos
Fedhas
Makhleb
Okawaru
Qazlal
Ru
Uskayaw
Wu Jian
Xom

Shops:
D:4 ?   D:7 (   D:12 *

Annotations:
D:4 1 runed translucent door, Crazy Yiuf


Innate Abilities, Weirdness & Mutations

You are too large for most types of armour.
You have claws for hands.
Your natural rate of healing is unusually fast.
You are covered in fur. (AC +1)
You have tough skin. (AC +1)


Message History

You block the ten-headed hydra's attack.
The ten-headed hydra bites you but does no damage.
The ten-headed hydra bites you. The ten-headed hydra bites you!
Aiming: Mindburst
Press: ? - help, Shift-Dir - straight line, f - ten-headed hydra
Aim: a ten-headed hydra (severely wounded, chance to affect: 29%)
Okay, then.
Okay, then.
Okay, then.
The ten-headed hydra attacks as you move away!
The ten-headed hydra closely misses you.
You block the ten-headed hydra's attack. x2
The ten-headed hydra bites you.
The ten-headed hydra bites you but does no damage.
You block the ten-headed hydra's attack.
The ten-headed hydra bites you.
You feel more protected from physical attacks.
The ten-headed hydra bites you but does no damage.
You block the ten-headed hydra's attack.
The ten-headed hydra bites you!
* * * LOW HITPOINT WARNING * * *
You feel more protected from physical attacks.
Okay, then.
As you read the scroll of teleportation, it crumbles to dust.
You feel strangely unstable.
The ten-headed hydra completely misses you.
The ten-headed hydra bites you!
* * * LOW HITPOINT WARNING * * *
The ten-headed hydra bites you but does no damage.
The ten-headed hydra bites you!
* * * LOW HITPOINT WARNING * * *
You block the ten-headed hydra's attack.
The ten-headed hydra bites you!
* * * LOW HITPOINT WARNING * * *
The ten-headed hydra bites you.
* * * LOW HITPOINT WARNING * * *
The ten-headed hydra bites you.
* * * LOW HITPOINT WARNING * * *
The ten-headed hydra bites you!
You die...

## .# .# ## # # ### ####
#######.##### .
...###..#.#...#..#####....
##...........†.§@D........
...#####P.##.†.###..##....
.### ######.#.##### . .#
##### ##


You could see a ten-headed hydra.

Vanquished Creatures
  The ghost of Palms the Convoker, a journeyman TeSu of Sif Muna (D:12)
  A minotaur (Gauntlet)
  The ghost of KennySheep the Prestidigitator, a journeyman FoWn of Sif Muna (Lair:2)
  A fire dragon (Volcano)
  A great orb of eyes (Gauntlet)
  A catoblepas (Lair:1)
  2 two-headed ogres
  A centaur warrior (D:13)
  A dancing weapon (D:12)
  6 death yaks
  A hell hog (Volcano)
  Amaemon (Lair:1)
  5 skeletal warriors
  A deep elf pyromancer (D:11)
  3 ugly things
  A manticore (D:12)
  2 cyclopes (D:11)
  Maurice (D:11)
  6 elephants (Lair:1)
  4 black mambas
  2 molten gargoyles (Volcano)
  An orange demon (Lair:1)
  A gargoyle (D:12)
  A torpor snail (Lair:1)
  8 cane toads
  A rime drake (Lair:2)
  A kobold demonologist (D:9)
  4 komodo dragons
  A polar bear (Lair:2)
  3 trolls
  3 meliai (D:13)
  Grinder (D:4)
  2 slime creatures (Gauntlet)
  A snapping turtle (Lair:3)
  20 blink frogs
  A raiju (Gauntlet)
  14 dream sheep
  Sigmund (D:3)
  2 wyverns
  4 shadows
  26 yaks
  A vampire (D:10)
  A wraith (D:11)
  7 fire bats (Volcano)
  3 basilisks
  8 vampire mosquitoes
  4 steam dragons
  2 acid dragons
  12 water moccasins
  A hell hound (Volcano)
  8 orc warriors
  An ogre (D:5)
  3 black bears
  13 wolves
  4 centaurs
  A phantom (D:5)
  10 bullfrogs
  A necrophage (D:5)
  2 gnoll sergeants
  A scorpion (D:7)
  6 killer bees (D:9)
  6 electric eels
  A howler monkey (D:8)
  5 jellies
  6 lava snakes (Volcano)
  2 gnoll boudas
  8 orc priests
  3 hounds
  4 iguanas
  10 orc wizards
  4 hell rats (Lair:4)
  16 gnolls
  3 adders
  2 shadow imps
  A white imp (D:7)
  2 ufetubi (D:5)
  3 worms
  6 dart slugs
  37 orcs
  8 ball pythons
  6 bats
  5 endoplasms
  2 giant cockroaches (D:1)
  12 goblins
  5 hobgoblins
  3 jackals (D:1)
  4 quokkas
  A frilled lizard (D:3)
  9 kobolds
  2 rats (D:2)
404 creatures vanquished.

Vanquished Creatures (others)
  2 orc wizards (D:12)
  5 orcs (D:12)
  14 fungi
  28 plants
  4 toadstools (D:1)
53 creatures vanquished.

Grand Total: 457 creatures vanquished

Notes
Turn   | Place    | Note
-------+----------+-------------------------------------------
     0 | D:1      | Muataran the Troll Monk began the quest for the Orb.
     0 | D:1      | Reached XP level 1. HP: 22/22 MP: 0/0
   102 | D:1      | Reached XP level 2. HP: 29/29 MP: 1/1
   113 | D:1      | You fall into a shaft and drop 1 floor!
   143 | D:2      | Identified the amulet of Jies {Reflect SH+5 SInv}
   294 | D:3      | Reached XP level 3. HP: 36/36 MP: 2/2
   313 | D:3      | Noticed Sigmund
   411 | D:4      | Noticed Grinder
   429 | D:4      | Killed Grinder
   430 | D:4      | Reached skill level 5 in Unarmed Combat
   430 | D:4      | Reached XP level 4. HP: 26/45 MP: 3/3
   430 | D:4      | Reached XP level 5. HP: 30/53 MP: 4/4
   530 | D:5      | Entered Level 5 of the Dungeon
   532 | D:5      | Found a stormy altar of Qazlal.
   542 | D:5      | Became a worshipper of Qazlal Stormbringer
   542 | D:5      | Reached * piety under Qazlal
   542 | D:5      | Reached ** piety under Qazlal
   726 | D:3      | Reached XP level 6. HP: 59/61 MP: 5/5
  1641 | D:3      | Killed Sigmund
  1642 | D:3      | Reached skill level 1 in Invocations
  1891 | D:3      | Found a sacrificial altar of Ru.
  1915 | D:3      | Found a broken altar of Ashenzari.
  2263 | D:4      | Reached skill level 6 in Unarmed Combat
  2263 | D:4      | Reached XP level 7. HP: 60/68 MP: 6/6
  2334 | D:4      | Reached *** piety under Qazlal
  2558 | D:4      | Found Seofaicw's Magic Scroll Emporium.
  2561 | D:4      | Bought a scroll of fear for 56 gold pieces
  2561 | D:4      | Bought a scroll of blinking for 105 gold pieces
  2561 | D:4      | Bought a scroll of identify for 28 gold pieces
  2561 | D:4      | Bought a scroll of teleportation for 42 gold pieces
  2642 | D:4      | Found a runed translucent door.
  2643 | D:4      | Noticed Crazy Yiuf
  3009 | D:5      | Reached skill level 7 in Unarmed Combat
  3009 | D:5      | Reached XP level 8. HP: 58/79 MP: 8/8
  3181 | D:6      | Identified the +0 pair of gloves of Efin {Int+2 Dex+5}
  3250 | D:6      | Identified the +0 ring mail of Fortitude {rF+ Will+}
  3318 | D:6      | Found a staircase to the Ecumenical Temple.
  3687 | D:7      | Reached skill level 8 in Unarmed Combat
  3727 | D:7      | Reached **** piety under Qazlal
  3728 | D:7      | Reached skill level 5 in Fighting
  3728 | D:7      | Reached skill level 5 in Dodging
  3840 | D:7      | Found Ytas's Weapon Emporium.
  3917 | D:7      | Reached XP level 9. HP: 88/88 MP: 10/10
  4438 | D:8      | Noticed a troll
  4446 | D:8      | Killed a troll
  4447 | D:8      | Reached skill level 9 in Unarmed Combat
  4711 | D:8      | Found an ornate altar of the Wu Jian Council.
  4713 | D:8      | Found an iron altar of Okawaru.
  4714 | D:8      | Found a burning altar of Makhleb.
  4757 | D:9      | Noticed a two-headed ogre
  4764 | D:9      | Killed a two-headed ogre
  4807 | D:9      | Reached skill level 5 in Invocations
  4814 | D:9      | Reached XP level 10. HP: 60/98 MP: 12/12
  4873 | D:9      | Found a blossoming altar of Fedhas.
  4917 | D:9      | Noticed a +0 dagger
  4918 | D:9      | Noticed a +0 dagger
  4919 | D:9      | Noticed a +0 spear
  4919 | D:9      | Noticed a +0 short sword
  4920 | D:9      | Noticed a +0 short sword
  4920 | D:9      | Noticed a +0 spear
  4921 | D:9      | Noticed a +0 falchion
  4924 | D:9      | Noticed a +0 falchion
  4925 | D:9      | Found a hide-covered altar of Uskayaw.
  5128 | D:9      | Reached skill level 10 in Unarmed Combat
  5347 | D:9      | Reached ***** piety under Qazlal
  5487 | D:10     | Entered Level 10 of the Dungeon
  5514 | D:10     | Noticed a white ugly thing
  5530 | D:10     | Killed a white ugly thing
  5843 | D:10     | Found a staircase to the Lair.
  5995 | D:11     | Noticed Maurice
  6005 | D:11     | Noticed a cyclops
  6039 | D:11     | Killed a cyclops
  6040 | D:11     | Reached skill level 11 in Unarmed Combat
  6073 | D:11     | Killed Maurice
  6091 | D:11     | Reached skill level 1 in Throwing
  6129 | D:11     | Reached XP level 11. HP: 107/107 MP: 14/14
  6376 | D:11     | Found a shadowy altar of Dithmenos.
  6580 | D:12     | Noticed a deep elf pyromancer
  6599 | D:11     | Killed a deep elf pyromancer
  6664 | D:12     | Found a gate leading to a gauntlet.
  6679 | D:12     | Noticed a skeletal warrior
  6680 | D:12     | Noticed a skeletal warrior
  6680 | D:12     | Noticed a skeletal warrior
  6684 | D:12     | Noticed a skeletal warrior
  6687 | Gauntlet | Entered a Gauntlet
  6687 | Gauntlet | Found a transporter.
  6687 | Gauntlet | Found a transporter.
  6689 | Gauntlet | Found a transporter.
  6692 | Gauntlet | Found a transporter.
  6693 | Gauntlet | Found a transporter.
  6693 | Gauntlet | Found a transporter.
  6705 | Gauntlet | Found a runed translucent door.
  6720 | Gauntlet | Found a transporter.
  6720 | Gauntlet | Found a transporter.
  6722 | Gauntlet | Noticed a great orb of eyes
  6727 | Gauntlet | Noticed a brown ugly thing
  6728 | Gauntlet | Found a transporter.
  6728 | Gauntlet | Noticed a purple ugly thing
  6746 | Gauntlet | Found a transporter.
  6746 | Gauntlet | Noticed an obsidian statue
  6766 | Gauntlet | Found a transporter.
  6767 | Gauntlet | Found a transporter.
  6785 | Gauntlet | Noticed a tengu warrior
  6866 | Gauntlet | Noticed a death drake
  6918 | Gauntlet | Noticed a fire crab
  6921 | Gauntlet | Noticed a glowing orange brain
  6930 | Gauntlet | a glowing orange brain changed into an anaconda
  6930 | Gauntlet | Noticed an anaconda (shapeshifter)
  7006 | Gauntlet | Killed a purple ugly thing
  7007 | Gauntlet | Reached skill level 12 in Unarmed Combat
  7008 | Gauntlet | Killed a great orb of eyes
  7022 | Gauntlet | Killed a brown ugly thing
  7092 | Gauntlet | Noticed a minotaur
  7101 | Gauntlet | Killed a minotaur
  7139 | D:12     | Noticed a skeletal warrior
  7143 | D:12     | Killed a skeletal warrior
  7169 | D:11     | Killed a skeletal warrior
  7201 | D:11     | Killed a skeletal warrior
  7222 | D:11     | Killed a skeletal warrior
  7265 | D:12     | Killed a skeletal warrior
  7266 | D:12     | Reached XP level 12. HP: 85/119 MP: 16/16
  7371 | D:12     | Found Ysmidgh's Island Escapes.
  7428 | D:12     | Found a runed translucent door.
  7429 | D:12     | Found a shimmering altar of Xom.
  7429 | D:12     | Noticed Palms's ghost (journeyman TeSu)
  7559 | D:12     | Noticed a two-headed ogre
  7569 | D:12     | Killed a two-headed ogre
  7822 | D:12     | Found a staircase to the Orcish Mines.
  8022 | D:12     | Noticed a four-headed hydra
  8023 | D:12     | Reached skill level 13 in Unarmed Combat
  8024 | D:12     | Noticed a four-headed hydra
  8053 | D:12     | Killed Palms's ghost
  8152 | D:13     | Noticed a centaur warrior
  8157 | D:13     | Killed a centaur warrior
  8336 | Lair:1   | Entered Level 1 of the Lair of Beasts
  8415 | Lair:1   | Reached skill level 5 in Throwing
  8420 | Lair:1   | Noticed Amaemon
  8432 | Lair:1   | Killed Amaemon
  8661 | Lair:1   | Reached skill level 14 in Unarmed Combat
  8709 | Lair:1   | Noticed a catoblepas
  8714 | Lair:1   | Noticed a death yak
  8719 | Lair:1   | Noticed a death yak
  8719 | Lair:1   | Killed a catoblepas
  8730 | Lair:1   | Killed a death yak
  8731 | Lair:1   | Reached XP level 13. HP: 63/128 MP: 18/18
  9218 | Lair:2   | Found a dark tunnel.
  9264 | Volcano  | Entered a volcano
  9397 | Volcano  | Reached ****** piety under Qazlal
  9602 | Volcano  | Found a radiant altar of Vehumet.
  9648 | Volcano  | Noticed a fire dragon
  9657 | Volcano  | Killed a fire dragon
 10032 | Lair:2   | Found a staircase to the Snake Pit.
 10448 | Lair:2   | Found a runed translucent door.
 10452 | Lair:2   | Noticed KennySheep's ghost (journeyman FoWn)
 10649 | Lair:2   | Killed KennySheep's ghost
 10854 | Lair:3   | Reached skill level 15 in Unarmed Combat
 11047 | Lair:3   | Found a staircase to the Shoals.
 11596 | Lair:4   | Reached XP level 14. HP: 111/140 MP: 20/20
 11782 | Lair:4   | HP: 7/140 [ten-headed hydra (5)]
 11782 | Lair:4   | HP: 1/140 [ten-headed hydra (6)]
 11782 | Lair:4   | Mangled by a ten-headed hydra

Illustrated notes

Levels and vault maps discovered:
D:1:      ldierk_water_garden, layout_rooms, minmay_pentomino_o2
D:2:      layout_rooms
D:3:      layout_basic, mainiacjoe_overflow_catwalk_spiral, uniq_sigmund
D:4:      nicolae_BIG_FREAKIN_CUBE, layout_basic, serial_shops,
          kennysheep_mini_moat, uniq_crazy_yiuf_cottage, uniq_grinder
D:5:      kennysheep_big_flooded_room, layout_rooms,
          nicolae_qazlal_scattered_showers
D:6:      layout_rooms, minmay_temple_entry_arrows, st_stairs_7,
          serial_bayou_pond_a
D:7:      layout_cave_pools, serial_shops, shop
D:8:      layout_basic, nicolae_overflow_hidden_temple
D:9:      layout_roguey, amcnicky_altar_gilded, nicolae_uskayaw_en_pointe,
          hive_lemuel
D:10:     layout_cave_pools, lair_entry_dummy, amcnicky_mini_pool_small
D:11:     layout_rooms, nicolae_dithmenos_the_darkroom, uniq_maurice
D:12:     layout_roguey, erik_orc_2, ebering_ghost_xom, gauntlet_entry_generic,
          nicolae_island_escapes
D:13:     layout_loops_ring
Lair:1:   layout_misc_corridors, lemuel_fruit_fields, uniq_amaemon
Lair:2:   layout_regular_city, minmay_snake_entry_six_corridors,
          ebering_ghost_reflecting_pool, nicolae_volcano_entry_hallway,
          st_stairs_3
Lair:3:   layout_chaotic_city, minmay_shoals_entry_hut
Lair:4:   layout_roguey, slime_entry_1

Skill      XL: |  1  2  3  4  5  6  7  8  9 10 11 12 13 14 |
---------------+-------------------------------------------+-----
Fighting       | 3 4 5 6 7 8 9 |  9.5
Dodging        | 3 4 5 6 7 8 9 |  9.5
Unarmed Combat | 5 6 7 8 9 11 12 14 15 | 15.4
Invocations    | 1 2 3 5 6 7 8 9 |  9.4
Throwing       | 1 3 5 6 7 |  7.1
Stealth        | |  1.0

Action                   |  1- 3 |  4- 6 |  7- 9 | 10-12 | 13-15 || total
-------------------------+-------+-------+-------+-------+-------++-------
Melee: Unarmed           |    68 |   100 |   207 |   496 |   389 ||  1260
       Punch             |     1 |     7 |     8 |    42 |    43 ||   101
Throw: Large rock        |       |       |       |     2 |       ||     2
Invok: Upheaval          |       |       |       |     2 |       ||     2
       Elemental Force   |       |       |       |     1 |       ||     1
Evoke: Wand              |       |       |     3 |       |     3 ||     6
  Use: Potion            |     1 |     1 |     1 |     3 |       ||     6
       Scroll            |       |     2 |     6 |     5 |     5 ||    18
 Stab: Sleeping          |     1 |       |       |       |       ||     1
Armor: Robe              |    32 |    18 |    23 |       |       ||    73
       Troll leather arm |       |       |     2 |   141 |    87 ||   230
Dodge: Dodged            |    46 |    26 |    80 |   166 |   128 ||   446
       Repelled          |       |       |       |     5 |     7 ||    12
Block: Other             |     8 |    28 |    94 |   262 |   173 ||   565
       Reflection        |     2 |     3 |     1 |    11 |     5 ||    22

Table legend: (Time is in decaauts)
 A = Elapsed time spent in this place.
 B = Non-inter-level travel time spent in this place.
 C = Inter-level travel time spent in this place.
 D = Time resting spent in this place.
 E = Time spent auto-exploring this place.
 F = Levels seen in this place.
 G = Mean time per level.
                   A        B        C        D        E       F      G
               +--------+--------+--------+--------+--------+-----+--------+
         Total |  11568 |  11038 |    530 |    372 |   8126 |  19 |  608.8 |
       Dungeon |   7846 |   7367 |    479 |    286 |   5501 |  13 |  603.5 |
          Lair |   2638 |   2587 |     51 |     86 |   1876 |   4 |  659.5 |
       Volcano |    656 |    656 |      0 |      0 |    511 |   1 |  656.0 |
      Gauntlet |    428 |    428 |      0 |      0 |    238 |   1 |  428.0 |
               +--------+--------+--------+--------+--------+-----+--------+

Top non-repeatable levels by time:
     D:3: 996 daAuts
    D:12: 984 daAuts
  Lair:2: 896 daAuts
  Lair:3: 771 daAuts
     D:9: 727 daAuts
  Lair:1: 702 daAuts
     D:4: 665 daAuts
 Volcano: 656 daAuts
    D:11: 646 daAuts
    D:10: 574 daAuts
     D:6: 540 daAuts
     D:7: 538 daAuts
     D:8: 523 daAuts
     D:2: 522 daAuts
     D:5: 484 daAuts
